 Dungeon Crawl Stone Soup version 0.17-a0-1262-gd250d98 (webtiles) character file.

9097 sqallbeste the Cleaver (level 11, -2/99 HPs)
             Began as a Hill Orc Fighter on June 6, 2015.
             Was a Follower of Yredelemnul.
             Slain by a yak (4 damage)
             ... on level 9 of the Dungeon.
             The game lasted 00:33:36 (10264 turns).

sqallbeste the Cleaver (Hill Orc Fighter)          Turns: 10264, Time: 00:33:36

Health: -2/99      AC: 17    Str: 21    XL:     11   Next: 41%
Magic:  12/12      EV:  7    Int:  8    God:    Yredelemnul [*.....]
Gold:   1368       SH: 13    Dex: 12    Spells: 0 memorised, 10 levels left

rFire  . . .     SeeInvis .     L - +1 war axe (freeze)
rCold  . . .     Clarity  .     q - +0 chain mail
rNeg   . . .     SustAt   .     c - +1 shield
rPois  .         Gourm    .     p - +1 helmet
rElec  .         Spirit   .     i - +2 cloak
rCorr  .         Warding  .     (no gloves)
rMut   .         Stasis   .     (no boots)
MR     .....                    (no amulet)
Stlth  ..........               (no ring)
                                r - ring of wizardry

@: about to teleport, not resistant to hostile enchantments, extremely
unstealthy
A: no striking features
a: Animate Remains, Renounce Religion


You were on level 9 of the Dungeon.
You worshipped Yredelemnul.
Yredelemnul was aware of your devotion.
You were not hungry.

You visited 2 branches of the dungeon, and saw 10 of its levels.

You collected 1435 gold pieces.
You paid 67 gold pieces to Gozag.

Inventory:

Hand weapons
 a - a +0 war axe
 h - a +2 quarterstaff of chaos
 u - a +2 trident of protection
 x - a +1 falchion of distortion
 H - a +3 dire flail
 L - a +1 war axe of freezing (weapon)
 N - a +2 war axe
Armour
 b - a +0 scale mail
 c - a +1 shield (worn)
 i - a +2 cloak (worn)
 p - a +1 helmet (worn)
 q - a +0 chain mail (worn)
Jewellery
 r - a ring of wizardry (left hand)
 s - an uncursed ring of teleportation
 M - an uncursed ring of positive energy {unknown}
Magical devices
 g - a wand of fire (1)
 t - a wand of polymorph (9)
 z - a wand of confusion (31)
 I - a wand of magic darts (15)
 J - a wand of lightning (11)
Scrolls
 k - 2 scrolls of fog
 m - 6 scrolls of identify
 o - 2 scrolls of immolation
 B - a scroll of recharging
 D - a scroll of amnesia {unknown}
 K - a scroll of enchant armour
Potions
 d - a potion of curing
 j - a potion of flight
 l - 2 potions of poison
 v - a potion of cancellation
 G - a potion of lignification {unknown}
Books
 f - a book of Callings

   Spells                             Type                      Level
   a - Summon Small Mammal            Summoning                    1
   b - Call Imp                       Summoning                    2
   c - Call Canine Familiar           Summoning                    3
   d - Summon Guardian Golem          Hexes/Summoning              3
   e - Summon Lightning Spire         Summoning/Air                4
   f - Summon Ice Beast               Ice/Summoning                4
 w - a book of Alchemy

   Spells                             Type                      Level
   a - Sublimation of Blood           Necromancy                   2
   b - Ignite Poison                  Fire/Transmutation/Poison    3
   c - Alistair's Intoxication        Transmutation/Poison         4
   d - Condensation Shield            Ice                          4
   e - Petrify                        Transmutation/Earth          4
   f - Irradiate                      Conjuration/Transmutation    5
 C - a Young Poisoner's Handbook

   Spells                             Type                      Level
   a - Sting                          Conjuration/Poison           1
   b - Cure Poison                    Poison                       2
   c - Mephitic Cloud                 Conjuration/Poison/Air       3
   d - Olgreb's Toxic Radiance        Poison                       4
   e - Venom Bolt                     Conjuration/Poison           5
 E - the Disquisition on Heat
   (You found it on level 9 of the Dungeon)

   Spells                             Type                      Level
   a - Flame Tongue                   Conjuration/Fire             1
   b - Throw Flame                    Conjuration/Fire             2
   c - Inner Flame                    Hexes/Fire                   3
Comestibles
 e - 4 bread rations
 n - a meat ration
 A - a royal jelly
 F - a beef jerky


   Skills:
 - Level 10.0 Fighting
 - Level 12.3 Axes
 - Level 9.2 Armour
 - Level 10.9 Shields
 * Level 2.2 Invocations
 - Level 0.4 Evocations


You had 10 spell levels left.
You didn't know any spells.

Dungeon Overview and Level Annotations

Branches:
Dungeon (9/15)             Temple (1/1) D:5            Lair (0/8) D:9
    Orc: D:9-12

Altars:
Ashenzari
Cheibriados
Dithmenos
Elyvilon
Fedhas
Gozag
Kikubaaqudgha
Makhleb
Nemelex Xobeh
Okawaru
Qazlal
Ru
Sif Muna
Trog
Vehumet
Xom
Yredelemnul
Zin
The Shining One

Shops:
D:4 =   D:5 [   D:9 [

Annotations:
D:6 Prince Ribbit


Message History

You hit the yak but do no damage.
The yak is lightly wounded.
You barely miss the yak. You hit the orc wizard. You freeze the orc wizard.
The orc wizard is moderately wounded.
The yak gores you!
* * * LOW HITPOINT WARNING * * *
The orc wizard points at you and mumbles some strange words.
The puff of flame hits you! The yak barely misses you.
Use which ability? (? or * to list)
You attempt to give life to the dead...
There are no remains here to animate!
The yak barely misses you. You block the yak's attack.
You see here a steam dragon corpse.
As you read the scroll of teleportation, it crumbles to dust.
You feel strangely unstable. You block the yak's attack. The yak gores you!
* * * LOW HITPOINT WARNING * * *
The orc wizard barely misses you. You block the yak's attack.
The yak gores you.
You die...
Your body rises from the dead as a mindless zombie.

#.##...#
#.##...##.#
#.##...##.#
#.##...##.#
#.##...##.##
#.##...##..## .
#.
#(..##...####...
#(..##YY........
#.(.)@YY......%.
#......or.......
#...............
#...##...####...
#...##..## ..
... .....##.## .
... ......##.#
.. ..#...##.# ..
# .##.#


You could see 4 yaks, an orc wizard and a rat.

Vanquished Creatures
  Joseph (D:8)
  The ghost of Hanyuu the Insei, an experienced OpTm (D:5)
  A wraith (D:9)
  A steam dragon (D:9)
  12 yaks
  2 basilisks (D:9)
  A hippogriff (D:8)
  2 soldier ants (D:9)
  3 hungry ghosts
  Menkaure (D:4)
  Duvessa (D:5)
  A phantom (D:9)
  2 porcupines (D:9)
  A black bear (D:8)
  A spider (D:9)
  5 ogres
  3 ice beasts
  3 sky beasts
  3 centaurs (D:7)
  9 giant frogs
  14 big kobolds (D:8)
  A wyvern zombie (D:8)
  2 scorpions
  Dowan (D:5)
  8 wights
  2 crimson imps
  2 orc priests
  A jelly (D:7)
  8 orc wizards
  Crazy Yiuf (D:2)
  A centaur skeleton (D:9)
  2 giant frog skeletons
  Jessica (D:2)
  An iguana (D:8)
  10 worker ants
  Natasha (twice) (D:3)
  8 hounds
  8 sheep
  A killer bee zombie (D:6)
  2 hound zombies (D:8)
  4 gnolls (D:5)
  9 adders
  2 shadow imps (D:5)
  3 river rats (D:9)
  An adder skeleton (D:9)
  2 adder zombies
  A worm (D:2)
  6 giant geckos
  22 orcs
  A ball python (D:6)
  15 bats
  A bat skeleton (D:4)
  2 bat zombies
  4 giant cockroaches
  14 goblins
  13 hobgoblins
  4 jackals
  3 quokkas
  3 giant newts
  23 kobolds
  17 rats
  A spectral orc (D:8)
  A butterfly (D:5)
282 creatures vanquished.

Vanquished Creatures (others)
  An orc wizard (D:5)
  A plant (D:9)
2 creatures vanquished.

Grand Total: 284 creatures vanquished

Notes
Turn   | Place    | Note
--------------------------------------------------------------
     0 | D:1      | sqallbeste the Hill Orc Fighter began the quest for the Orb.
     0 | D:1      | Reached XP level 1. HP: 19/19 MP: 1/1
   301 | D:1      | Reached XP level 2. HP: 22/27 MP: 2/2
   554 | D:2      | Reached skill level 4 in Fighting
   562 | D:2      | Reached XP level 3. HP: 31/33 MP: 3/3
   777 | D:2      | Noticed Jessica
   788 | D:2      | Killed Jessica
   788 | D:2      | Reached XP level 4. HP: 8/41 MP: 4/4
  1092 | D:2      | Found a snail-covered altar of Cheibriados.
  1417 | D:2      | Noticed Crazy Yiuf
  1431 | D:2      | Killed Crazy Yiuf
  1762 | D:3      | Noticed an ice beast
  1768 | D:3      | Killed an ice beast
  1768 | D:3      | Reached XP level 5. HP: 41/47 MP: 5/5
  1893 | D:3      | Noticed Natasha
  1903 | D:3      | Killed Natasha
  1903 | D:3      | Reached XP level 6. HP: 50/53 MP: 6/6
  2145 | D:3      | Reached skill level 5 in Shields
  2247 | D:3      | Reached skill level 5 in Fighting
  2247 | D:3      | Reached skill level 5 in Armour
  2364 | D:3      | Noticed Natasha
  2367 | D:3      | Killed Natasha
  2517 | D:4      | Reached skill level 5 in Axes
  2745 | D:4      | Found Nuveitz's Jewellery Shop.
  2886 | D:4      | Noticed Menkaure
  2897 | D:4      | Killed Menkaure
  2897 | D:4      | Reached XP level 7. HP: 37/61 MP: 7/7
  3060 | D:4      | Reached skill level 6 in Shields
  3346 | D:5      | Entered Level 5 of the Dungeon
  3630 | D:5      | Reached XP level 8. HP: 64/70 MP: 8/8
  3636 | D:5      | Found a glowing golden altar of the Shining One.
  3694 | D:5      | Found a staircase to the Ecumenical Temple.
  3742 | D:5      | Noticed Dowan
  3770 | D:5      | Killed Dowan
  3776 | D:5      | Noticed Duvessa
  3795 | D:5      | Killed Duvessa
  3803 | Temple   | Entered the Ecumenical Temple
  3956 | Temple   | Became a worshipper of Gozag Ym Sagoz the Greedy
  4038 | D:5      | Found Qogem's Antique Armour Shoppe.
  4066 | D:5      | Noticed Hanyuu's ghost (experienced OpTm)
  4095 | D:5      | Killed Hanyuu's ghost
  4095 | D:5      | Reached skill level 7 in Axes
  4698 | D:6      | Found a deep blue altar of Sif Muna.
  5027 | D:6      | Reached XP level 9. HP: 67/78 MP: 9/9
  5192 | D:6      | Reached skill level 8 in Axes
  5381 | D:6      | Noticed Prince Ribbit
  6045 | D:7      | Reached skill level 9 in Axes
  6438 | D:8      | Noticed Joseph
  7088 | D:8      | Reached XP level 10. HP: 82/88 MP: 10/10
  7136 | D:8      | Reached skill level 10 in Axes
  7256 | D:8      | Reached skill level 10 in Shields
  7278 | D:8      | Reached skill level 11 in Axes
  7413 | D:8      | Killed Joseph
  7791 | D:8      | Found a basalt altar of Yredelemnul.
  7800 | D:8      | Fell from the grace of Gozag
  7800 | D:8      | Became a worshipper of Yredelemnul the Dark
  8391 | D:9      | Found a staircase to the Lair.
  8635 | D:9      | Reached XP level 11. HP: 12/97 MP: 11/11
  9390 | D:9      | Reached skill level 12 in Axes
  9414 | D:9      | Found Iseysulu's Antique Armour Boutique.
  9597 | D:9      | Acquired Yredelemnul's first power
 10137 | D:9      | Reached skill level 10 in Fighting
 10188 | D:9      | Identified the Disquisition on Heat (You found it on level 9 of the Dungeon)
 10249 | D:9      | Reached skill level 1 in Invocations
 10263 | D:9      | HP: 1/99 [yak (13)]
 10264 | D:9      | Slain by a yak

Vault maps used:
D:1:      lightli_arrival_chessboard, nrook_mini_backslash
D:2:      first_bread, cheibriados_altar_1, uniq_crazy_yiuf_cottage,
          uniq_jessica
D:3:      uniq_natasha
D:4:      serial_shops, shop, minmay_box_of_dots, uniq_menkaure
D:5:      minmay_temple_entry_butterflies, serial_shops, nicolae_shop_crystal,
          tso_metal_star, uniq_duvessa
D:6:      hangedman_abyss_or_decor_stagger, led_sif_book, uniq_prince_ribbit1
D:8:      yredelemnul_forgotten_temple_becter, special_room, uniq_joseph
D:9:      minmay_four_partial_circles, minmay_lair_entry_grove, serial_shops,
          shop, hangedman_pestilent_swarm
Temple:   kilobyte_greek_temple_18

Action                   |  1- 3 |  4- 6 |  7- 9 | 10-12 || total
-------------------------+-------+-------+-------+-------++-------
Melee: War axe           |    94 |   148 |   519 |   523 ||  1284
Evoke: Wand              |       |       |       |     3 ||     3
  Use: Scroll            |     5 |     2 |     3 |     5 ||    15
       Potion            |     3 |     1 |    15 |     4 ||    23
 Stab: Distracted        |       |       |       |     1 ||     1
  Eat: Bread ration      |       |     1 |     1 |     1 ||     3
       Meat ration       |       |     1 |     2 |     1 ||     4
       Chunk             |       |     1 |       |       ||     1
       Pizza             |       |       |     1 |       ||     1
